 Dungeon Crawl Stone Soup version 0.22-a0-278-g8f80174 (webtiles) character file.

124 Firecrotchwizard the Skirmisher (level 5, -12/33 HPs)
             Began as a Gargoyle Fighter on Mar 15, 2018.
             Killed by divine providence
             ... invoked by an orc priest
              (15 damage)
             ... on level 3 of the Dungeon.
             The game lasted 00:03:19 (1930 turns).

Firecrotchwizard the Skirmisher (Gargoyle Fighter)  Turns: 1930, Time: 00:03:19

Health: -12/33     AC: 10    Str: 19    XL:     5   Next: 8%
Magic:  5/5        EV:  7    Int:  9    God:
Gold:   75         SH:  0    Dex: 10    Spells: 4/4 levels left

rFire    x . .     SeeInvis .   a - +0 flail
rCold    + . .     Gourm    .   c - +0 shield
rNeg     + . .     Faith    .   b - +0 scale mail
rPois    ∞         Spirit   .   (no helmet)
rElec    +         Reflect  .   (no cloak)
rCorr    .         Harm     .   (no gloves)
MR       .....                  (no boots)
Stlth    ..........             (no amulet)
HPRegen  0.11/turn              m - ring of ice {rC+, rF-}
MPRegen  0.09/turn              p - ring of poison resistance {rPois, !d}

@: confused
A: negative energy resistance 1, electricity resistance, unbreathing,
petrification resistance, rot immunity, AC +4
a: no special abilities


You were on level 3 of the Dungeon.
You were hungry.

You visited 1 branch of the dungeon, and saw 3 of its levels.

You collected 75 gold pieces.

Inventory:

Hand Weapons
 a - a +0 flail (weapon)
Armour
 b - a +0 scale mail (worn)
 c - a +0 shield (worn)
Jewellery
 m - a ring of ice (left hand) {rC+, rF-}
   (You found it on level 2 of the Dungeon)
 p - a ring of poison resistance (right hand) {rPois, !d}
   (You found it on level 3 of the Dungeon)
Wands
 o - a wand of polymorph (15)
   (You found it on level 3 of the Dungeon)
Scrolls
 e - a scroll of random uselessness {unknown}
 h - 2 scrolls of enchant weapon {unknown}
 k - a scroll of enchant armour {unknown}
 l - 3 scrolls of identify {unknown}
 q - a scroll of remove curse {unknown}
Potions
 d - 2 potions of might
 g - 2 potions of degeneration {unknown}
 i - a potion of magic {unknown}
 j - 4 potions of curing {unknown}
Comestibles
 f - 5 rations {@e1}


   Skills:
 + Level 4.1 Fighting
 * Level 3.7 Maces & Flails
 - Level 3.5 Armour
 + Level 4.1 Shields


You had 4 spell levels left.
You didn't know any spells.

Dungeon Overview and Level Annotations

Branches:
Dungeon (3/15)

Altars:


Innate Abilities, Weirdness & Mutations

You are resistant to torment.
Your stone body is resilient. (AC +4)
You are immune to poison.
You resist negative energy. (rN+)
You are resistant to electric shocks. (rElec)
You can survive without breathing.
You are immune to petrification.
You are immune to rotting.


Message History

q - a scroll labeled BICSOF VIMM
p - a ring of poison resistance (right hand) 2 orcs and an orc wizard come into view.
The orc shouts! x2
The orc wizard miscasts a cantrip.
An orc comes into view. It is wielding a dagger.
The orc shouts!
The orc wizard begins to cast a cantrip, but forgets the words!
An orc comes into view. It is wielding a whip.
The orc zaps a wand.
Your will is overpowered!
You are confused.
It is a wand of enslavement (15).
An orc comes into view. It is wielding a falchion.
The orc shouts!
The orc hits you but does no damage.
You feel less confused. The orc barely misses you.
You block the orc's attack. x2
You block the orc's attack. The orc hits you but does no damage.
You block the orc wizard's attack.
An orc comes into view. It is wielding a short sword.
The orc hits you but does no damage.
The orc shouts!
You hit the orc but do no damage. The orc hits you but does no damage.
An orc comes into view. It is wielding a whip.
You closely miss the orc.
You are feeling hungry.
The orc shouts!
The orc moves out of view.
You sock the orc!
You kill the orc!
The orc hits you with a short sword.
An orc priest comes into view.
You take 3 damage, and have 26/29 hp.
You closely miss the orc wizard.
The orc priest shouts!
The orc wizard points at you and mumbles some strange words.
The puff of frost hits you! You resist.
You take 1 damage, and have 25/29 hp.
You hit the orc but do no damage. The orc wizard barely misses you.
All of the chunks of flesh in your inventory have rotted away.
You sock the orc wizard! The orc closely misses you.
The orc wizard hits you but does no damage.
The orc hits you but does no damage.
You hit the orc wizard.
You kill the orc wizard!
Your Shields skill increases to level 4!
You have reached level 5!
The orc barely misses you.
You regained 4 hp, and now have 29/33 hp.
MP restored: 5 You hit the orc.
You closely miss the orc. You block the orc's attack.
The orc hits you but does no damage. The orc closely misses you.
You completely miss the orc. You block the orc's attack.
The orc hits you but does no damage. x2
You sock the orc!
You kill the orc!
The orc completely misses you.
The orc zaps a wand.
You resist with some effort.
You closely miss the orc. The orc hits you but does no damage.
You sock the orc!
You kill the orc!
The orc priest begins to cast a cantrip, but forgets the words!
The orc closely misses you. The orc hits you but does no damage.
The orc priest calls down the wrath of Beogh upon you.
Beogh smites you!
You take 10 damage, and have 20/33 hp.
MASSIVE DAMAGE!!
You block the orc's attack. The orc hits you but does no damage.
You block the orc's attack.
The orc priest hits you but does no damage.
Things that are here:
a dagger; a leather armour; an orc corpse You hit the orc priest.
The orc hits you but does no damage. You block the orc's attack.
The orc hits you with a short sword. The orc hits you but does no damage.
The orc priest hits you but does no damage.
You take 4 damage, and have 16/33 hp.
You hit the orc priest. You block the orc's attack.
The orc hits you but does no damage. You block the orc's attack.
The orc hits you but does no damage.
The orc priest mumbles some strange prayers to Beogh against you.
Beogh smites you!
* * * LOW HITPOINT WARNING * * *
The orc hits you but does no damage.
You take 14 damage, and have 2/33 hp.
MASSIVE DAMAGE!!
You hit the orc priest but do no damage.
The orc zaps a wand.
Your will is overpowered!
You are confused.
The orc barely misses you. The orc priest completely misses you.
The orc barely misses you. The orc hits you but does no damage. x3
You closely miss the orc priest.
The orc priest calls down the wrath of Beogh upon you.
Beogh smites you!
You die...

########## #........#
#........###
#..........#
############).ooo.....#
..........o.)##@o.....+
...........oo##.o.....#
............o##.......#
.............######+###
.............######
##########........#
#........# ♣
♣♣♣##........#
♣.♣.P#.........+


You could see an orc priest and 4 orcs.

Vanquished Creatures
  An orc wizard (D:3)
  3 gnolls (D:2)
  An adder (D:2)
  3 worms (D:2)
  3 dart slugs
  2 leopard geckos
  3 orcs (D:3)
  A giant cockroach (D:1)
  2 hobgoblins
  7 jackals
  5 kobolds
  A quokka (D:3)
  2 bats (D:2)
  2 frilled lizards (D:1)
  2 goblins
  5 rats
43 creatures vanquished.

Notes
Turn   | Place    | Note
-------+----------+-------------------------------------------
     0 | D:1      | Firecrotchwizard the Gargoyle Fighter began the quest for the Orb.
     0 | D:1      | Reached XP level 1. HP: 14/14 MP: 1/1
   148 | D:1      | Reached XP level 2. HP: 19/19 MP: 2/2
   744 | D:2      | Reached XP level 3. HP: 23/23 MP: 3/3
  1076 | D:2      | Reached skill level 3 in Maces & Flails
  1209 | D:2      | Reached XP level 4. HP: 29/29 MP: 4/4
  1390 | D:2      | Reached skill level 4 in Fighting
  1916 | D:3      | Reached skill level 4 in Shields
  1916 | D:3      | Reached XP level 5. HP: 29/33 MP: 5/5
  1928 | D:3      | HP: 2/33 [orc priest/divine providence (14)]
  1930 | D:3      | Killed from afar by an orc priest

Vault maps used:
D:1:      scummos_arrival_hexagon, serial_corexii_hall, corexii_hall_statues_l,
          corexii_hall_statues_s
D:3:      uniq_crazy_yiuf_cottage

Skill      XL: |  1  2  3  4 |
---------------+-------------+-----
Maces & Flails | 3 |  3.7
Fighting       | 4 |  4.1
Shields        | 4 |  4.1
Armour         | |  3.5

Action                   |  1- 3 |  4- 6 || total
-------------------------+-------+-------++-------
Melee: Flail             |   116 |    66 ||   182
  Eat: Chunk             |     1 |     2 ||     3
Armor: Scale mail        |    50 |    46 ||    96
Dodge: Dodged            |    29 |    22 ||    51
Block: Shield            |    58 |    39 ||    97

Table legend:
 A = Spawn XP
 B = Non-spawn XP
 C = Spawn XP percentage of total XP
 D = Spawn monster count
 E = Non-spawn monster count
 F = Spawn count percentage of total count
 G = Total turns spent on level
                    A         B        C        D         E        F      G
               +---------+---------+-------+---------+---------+-------+---------
         Total |       0 |     178 |   0.0 |       0 |      43 |   0.0 |  1930
               +---------+---------+-------+---------+---------+-------+---------
           D:1 |       0 |      23 |   0.0 |       0 |      12 |   0.0 |   948
           D:2 |       0 |     105 |   0.0 |       0 |      26 |   0.0 |   871
           D:3 |       0 |      50 |   0.0 |       0 |       5 |   0.0 |   111
               +---------+---------+-------+---------+---------+-------+---------

Vault maps used:
D:1:      scummos_arrival_hexagon, serial_corexii_hall, corexii_hall_statues_l,
          corexii_hall_statues_s
D:3:      uniq_crazy_yiuf_cottage

Table legend:
 A = Turns spent in this place as a percentage of turns spent in the entire game.
 B = Non-inter-level travel turns spent in this place as a percentage of non-inter-level travel turns spent in the entire game.
 C = Inter-level travel turns spent in this place as a percentage of turns spent in this place.
 D = Turns resting spent in this place as a percentage of non-inter-level travel turns spent in this place.
 E = Turns spent auto-exploring this place as a percentage of non-inter-level travel turns spent in this place.
 F = Non-inter-level travel turns spent in this place divided by the number of levels of this place that you've seen.
                   A       B       C       D       E      F
               +-------+-------+-------+-------+-------+----------------------
         Total | 100.0 | 100.0 |   7.6 |  13.7 |  66.6 | 594.3
       Dungeon | 100.0 | 100.0 |   7.6 |  13.7 |  66.6 | 594.3
               +-------+-------+-------+-------+-------+----------------------

Table legend:
 A = Kills in this place as a percentage of kills in entire the game.
 B = Kills by you in this place as a percentage of kills by you in the entire game.
 C = Kills by friends in this place as a percentage of kills by friends in the entire game.
 D = Other kills in this place as a percentage of other kills in the entire game.
 E = Experience gained in this place as a percentage of experience gained in the entire game.
 F = Experience gained in this place divided by the number of levels of this place that you have seen.
                   A       B       C       D       E      F
               +-------+-------+-------+-------+-------+----------------------
         Total | 100.0 | 100.0 |   N/A |   N/A | 100.0 |  59.3
       Dungeon | 100.0 | 100.0 |   N/A |   N/A | 100.0 |  59.3
               +-------+-------+-------+-------+-------+----------------------
